 Dungeon Crawl Stone Soup version 0.27.1-35-g4d5d836560 (webtiles) character file.

Game seed: 18231225691745553924

21 unlimited1921 the Firebug (level 2, -1/17 HPs)
             Began as an Octopode Fire Elementalist on May 11, 2022.
             Slain by a crimson imp (2 damage)
             ... summoned by Natasha
             ... on level 2 of the Dungeon.
             The game lasted 00:04:16 (2785 turns).

unlimited1921 the Firebug (OpFE)                    Turns: 2785, Time: 00:04:16

Health: -1/17      AC:  1    Str:  7    XL:     2   Next: 83%
Magic:  2/5        EV: 13    Int: 17    God:
Gold:   47         SH:  0    Dex: 12    Spells: 4/5 levels left

rFire    + . .     SeeInvis .   f - +0 short sword
rCold    + . .     Faith    .   (no shield)
rNeg     . . .     Spirit   .   (helmet restricted)
rPois    +         Reflect  .   (no amulet)
rElec    +         Harm     .   (no ring)
rCorr    +         Rampage  .   (no ring)
Will     .....                  (no ring)
Stlth    +++.......             (no ring)
HPRegen  0.05/turn              (no ring)
MPRegen  0.09/turn              (no ring)
                                (no ring)
                                (no ring)

@: resistant, slowed, very slow
A: almost no armour, amphibious, 8 rings, camouflage 1, gelatinous body 1,
(nimble swimmer 1), tentacles
a: no special abilities


You were on level 2 of the Dungeon.
You visited 1 branch of the dungeon, and saw 2 of its levels.

You collected 47 gold pieces.

Inventory:

Hand Weapons
 f - a +0 short sword (weapon)
Missiles
 h - 33 stones
Scrolls
 c - a scroll of brand weapon {unknown}
 d - a scroll of magic mapping {unknown}
 g - a scroll of enchant armour {unknown}
Potions
 b - a potion of cancellation {unknown}
 e - a potion of might {unknown}
 i - a potion of heal wounds {unknown}


   Skills:
 * Level 0.2 Fighting
 + Level 2.2 Dodging
 + Level 2.8 Stealth
 * Level 2.3 Spellcasting
 + Level 1.1 Conjurations
 + Level 3.3 Fire Magic


You had 4 spell levels left.
You knew the following spells:

 Your Spells              Type           Power      Damage    Failure   Level
a - Foxfire               Conj/Fire      36%        2x1d5     8%          1

Your spell library contained the following spells:

 Spells                   Type           Power      Damage    Failure   Level
 Conjure Flame            Conj/Fire      9%         6-21      22%         3
 Inner Flame              Hex/Fire       7%         N/A       28%         3
 Sticky Flame             Conj/Fire      9%         2d3       58%         4
 Fireball                 Conj/Fire      4%         3d4       91%         5


Dungeon Overview and Level Annotations

Branches:
Dungeon (2/15)

Altars:

Annotations:
D:2 Natasha


Innate Abilities, Weirdness & Mutations

You cannot wear most types of armour.
You are amphibious.
You can wear up to eight rings at the same time.
Your skin changes colour to match your surroundings (Stealth+).
Your rubbery body absorbs attacks. (AC +1, EV +1)
((You are camouflaged near water. (Stealth+)))
You have tentacles for arms and can constrict up to eight enemies at once.


Message History

You resist with significant effort.
Casting: Foxfire (safe; 8% risk of failure)
Confirm with . or Enter, or press ? or * to list all spells.
You conjure some foxfire!
Natasha mumbles some strange words.
The iron imp lashes its tail.
Your foxfire dissipates!
The foxfire hits the crimson imp.
The crimson imp completely resists.
The crimson imp grins evilly.
The crimson imp blinks!
Natasha wildly gestures.
Natasha glows brightly for a moment.
Natasha casts a spell.
The crimson imp blinks!
The crimson imp blinks!
The crimson imp blinks!
Natasha casts a spell.
The crimson imp blinks!
The crimson imp blinks!
Natasha wildly gestures.
Natasha shimmers violently.
The crimson imp blinks!
The crimson imp lashes its tail.
The crimson imp barely misses you.
Casting: Foxfire (safe; 8% risk of failure)
Confirm with . or Enter, or press ? or * to list all spells.
You conjure some foxfire!
The crimson imp hits you.
* * * LOW HITPOINT WARNING * * *
You hit the crimson imp. Your grab misses the crimson imp.
The crimson imp is moderately wounded.
The foxfire hits the crimson imp but does no damage.
The crimson imp hits you.
* * * LOW HITPOINT WARNING * * *
The crimson imp barely misses you. The crimson imp hits you.
* * * LOW HITPOINT WARNING * * *
Unknown command.
It was a potion of resistance.
You feel protected. The crimson imp hits you.
You die...

###############
#..5..5h.......
######.#############
#.5@5h.# ###.######
..#)# #.#.# #.#>#
##.#.# #....######
.....#.....<...
####....######.


You could see Natasha and 2 crimson imps.

Vanquished Creatures
  6 bats (D:1)
  An endoplasm (D:1)
  A giant cockroach (D:1)
  2 goblins
  2 hobgoblins (D:1)
  5 kobolds
  A ball python (D:1)
  A frilled lizard (D:1)
  A rat (D:1)
20 creatures vanquished.

Vanquished Creatures (others)
  76 foxfires
76 creatures vanquished.

Grand Total: 96 creatures vanquished

Notes
Turn   | Place    | Note
-------+----------+-------------------------------------------
     0 | D:1      | unlimited1921 the Octopode Fire Elementalist began the
                  | quest for the Orb.
     0 | D:1      | Reached XP level 1. HP: 11/11 MP: 3/3
   502 | D:1      | Reached XP level 2. HP: 6/17 MP: 0/5
  2111 | D:1      | Found a faded altar of an unknown god.
  2755 | D:2      | Noticed Natasha
  2769 | D:2      | Noticed a crimson imp
  2772 | D:2      | Noticed a crimson imp
  2777 | D:2      | Noticed a crimson imp
  2785 | D:2      | Slain by a crimson imp

Illustrated notes

Levels and vault maps discovered:
D:1:      lightli_iron_boxes, layout_loops_cross,
          hellmonk_ecumenical_altar_pennies_from_heaven, hex_tiny
D:2:      layout_loops_ring, basic_altar, uniq_jessica, uniq_natasha

Action                   || total
-------------------------++-------
Melee: Unarmed           ||     5
       Constrict         ||     2
       Short sword       ||     1
 Cast: Foxfire           ||    45
  Use: Potion            ||     1
Dodge: Dodged            ||     5
